Map: Acid Plant LE

Players

Leesteven

  • Race: Zerg Zerg
  • League: Diamond
  • Spawn Location: 11:00

JohnGalt - Winner!

  • Race: Terran Terran
  • League: Diamond
  • Spawn Location: 5:00

VOD

Have the link to the VOD?

Description

Time

  • Played on: June 25, 2018, 11:45 p.m.
  • Length: 15:28
Show
View Real Time Build Order
Export as new Build Order

Leesteven Zerg 

Build Orders: Hatch First 

Get SALT Encoding   

  12  0:01  Drone  
  13  0:13  Overlord  
  13  0:18  Drone  
  14  0:31  Drone x2  
  16  0:37  Drone  
  17  0:54  Hatchery  
  17  0:56  Drone  
  17  1:00  Drone  
  17  1:03  Extractor  
  17  1:16  Spawning Pool  
  16  1:20  Drone  
  16  1:23  Drone  
  18  1:37  Drone  
  19  1:40  Overlord  
  19  2:03  Queen  
  19  2:05  Queen  
  19  2:06  Zergling x2  
  19  2:08  Drone, Zergling x2  
  26  2:14  Metabolic Boost  
  26  2:25  Drone x3  
  29  2:45  Hatchery  
  28  2:53  Queen  
  30  3:00  Overlord  
  30  3:01  Drone x2  
  30  3:02  Drone  
  33  3:15  Drone x2, Overlord  
  33  3:16  Drone  
  35  3:28  Drone x3  
  38  3:35  Queen  
  38  3:41  Pneumatized Carapace  
  40  3:47  Drone x2  
  40  3:48  Drone x4  
  46  3:59  Overlord  
  46  4:10  Extractor x2  
  46  4:12  Roach Warren, Evolution Chamber  
  46  4:15  Drone x4  
  46  4:16  Drone x2, Overlord  
  48  4:22  Overlord  
  48  4:33  Baneling Nest  
  47  4:40  Spore Crawler  
  47  4:42  Spore Crawler  
  47  4:43  Queen  
  47  4:45  Drone x7  
  53  4:50  Zergling x6  
  57  4:54  Zerg Melee Weapons Level 1  
  57  5:01  Zergling x2  
  57  5:02  Zergling x6  
  61  5:09  Spore Crawler  
  60  5:24  Drone x3, Zergling x4  
  60  5:25  Queen, Zergling x4  
  62  5:48  Zergling x6  
  62  5:49  Zergling x14  
  54  6:01  Lair  
  50  6:06  Zergling x8  
  50  6:07  Zergling x2  
  50  6:08  Baneling  
  50  6:09  Baneling  
  53  6:19  Queen  
  55  6:37  Overlord x2  
  55  6:42  Hatchery  
  54  6:48  Overlord, Zerg Ground Armor Level 1  
  54  6:49  Overlord x2  
  54  6:54  Overlord  
  54  7:15  Extractor  
  54  7:16  Overseer  
  53  7:23  Hydralisk Den  
  53  7:25  Drone x2  
  53  7:26  Drone x7  
  53  7:27  Drone x3  
  64  7:43  Drone x2  
  66  7:47  Queen  
  68  8:02  Grooved Spines  
  68  8:04  Centrifical Hooks  
  68  8:06  Drone  
  68  8:07  Drone x6  
  68  8:10  Extractor  
  68  8:11  Overlord x2  
  68  8:12  Extractor  
  73  8:29  Hydralisk x2  
  73  8:30  Hydralisk x5  
  87  8:41  Hydralisk x3  
  87  8:42  Hydralisk  
  87  8:43  Zergling x8  
  87  8:44  Drone  
  100  9:02  Baneling x6  
  100  9:03  Hydralisk, Baneling x3  
  100  9:04  Overlord x2  
  102  9:10  Zerg Missile Weapons Level 1  
  102  9:12  Drone x3  
  102  9:13  Drone, Muscular Augments  
  102  9:14  Overlord  
  106  9:37  Overlord  
  106  9:43  Drone x3  
  106  9:44  Drone x4, Zergling x2  
  106  9:45  Zergling x10  
  119  9:51  Baneling x4  
  119  9:52  Baneling x7  
  119  9:53  Baneling  
  119  10:15  Hatchery  
  118  10:25  Glial Reconstitution  
  119  10:28  Zergling x8  
  119  10:29  Hydralisk, Zergling x14  
  119  10:30  Hydralisk, Overlord, Zergling x4  
  119  10:31  Overlord x2  
  134  10:51  Queen  
  134  10:57  Hydralisk x3  
  136  10:58  Drone x6  
  148  11:15  Evolution Chamber  
  149  11:44  Zergling x2  
  149  11:45  Hydralisk x2, Zergling x22  
  131  12:14  Zergling x8  
  131  12:15  Zergling x24  
  76  12:39  Zergling x2  
  76  12:40  Zergling x12  
Show
View Real Time Build Order
Export as new Build Order

JohnGalt Terran - Winner!

Build Orders: MMM Bio 

Get SALT Encoding   

  12  0:01  SCV  
  13  0:13  SCV  
  14  0:17  Supply Depot  
  14  0:25  SCV  
  15  0:29  Refinery  
  15  0:38  SCV  
  15  0:41  Barracks  
  16  0:50  SCV  
  16  0:52  Refinery  
  17  1:03  SCV  
  18  1:15  SCV  
  19  1:28  Marine  
  20  1:34  Orbital Command  
  20  1:42  Command Center  
  20  1:46  Barracks Reactor  
  20  1:54  Supply Depot  
  20  1:59  SCV  
  21  2:08  Barracks  
  21  2:17  SCV  
  22  2:23  Factory, Marine  
  22  2:29  SCV  
  24  2:31  Marine  
  25  2:41  SCV  
  26  2:46  Refinery  
  26  2:51  Marine x2  
  27  2:53  SCV  
  27  2:56  Orbital Command  
  29  3:01  Barracks Tech Lab  
  29  3:05  SCV  
  30  3:10  Factory Reactor  
  30  3:17  SCV  
  31  3:20  Stimpack  
  31  3:26  Marine x3  
  34  3:27  SCV  
  34  3:29  SCV  
  36  3:39  SCV  
  37  3:41  SCV  
  37  3:42  Starport  
  37  3:46  Marine x2  
  37  3:47  Marine  
  41  3:51  SCV  
  41  3:53  SCV  
  43  4:00  Supply Depot  
  43  4:01  Supply Depot  
  43  4:03  Factory Tech Lab, SCV  
  43  4:05  SCV  
  43  4:06  Marine  
  46  4:21  SCV, Marine x2  
  46  4:23  Medivac  
  51  4:25  Medivac  
  51  4:29  SCV  
  54  4:32  Command Center  
  54  4:34  Marine  
  55  4:39  Marine x2  
  55  4:41  SCV  
  55  4:42  Siege Tank  
  55  4:45  SCV  
  62  4:51  Engineering Bay x2  
  62  5:01  Supply Depot  
  62  5:13  Refinery  
  62  5:15  Supply Depot  
  62  5:22  Marine x3  
  62  5:23  Viking, SCV, Medivac  
  70  5:37  SCV x2  
  70  5:40  Marine x2  
  70  5:41  Marine  
  73  5:45  Orbital Command  
  73  5:48  Supply Depot  
  73  5:49  SCV, Supply Depot  
  70  5:58  Marine x2  
  70  5:59  Marine  
  70  6:01  SCV  
  70  6:02  SCV  
  75  6:04  Barracks  
  75  6:06  Refinery  
  75  6:10  Siege Tank  
  78  6:11  Medivac x2  
  78  6:16  Marine x2  
  78  6:17  SCV, Marine  
  86  6:20  Terran Infantry Weapons Level 1  
  86  6:24  Orbital Command  
  86  6:25  SCV  
  87  6:34  Marine x2  
  87  6:35  Marine  
  90  6:45  Barracks  
  90  6:46  Barracks  
  90  6:50  SCV  
  90  6:51  Marine x2  
  90  6:53  Marine  
  94  6:58  Combat Shields  
  97  7:01  SCV  
  97  7:04  Terran Infantry Armor Level 1  
  97  7:05  SCV  
  97  7:08  Barracks Tech Lab  
  96  7:09  SCV, Marine x2  
  96  7:11  Marine  
  100  7:18  Siege Tank  
  103  7:24  Supply Depot  
  103  7:25  Supply Depot  
  103  7:27  Marine x2  
  103  7:28  Marine, Concussive Shells  
  108  7:30  Marauder  
  108  7:33  Barracks Tech Lab  
  108  7:34  Barracks Reactor  
  108  7:35  SCV  
  109  7:43  Armory  
  109  7:46  SCV x2, Marine x2  
  109  7:47  SCV  
  114  7:52  Marine  
  114  7:54  Marine  
  114  7:56  Supply Depot, Medivac  
  114  7:57  Supply Depot  
  118  8:02  Siege Tank  
  118  8:03  SCV, Marine x2  
  124  8:10  Marine  
  125  8:17  SCV, Marine x3  
  125  8:18  Marine  
  130  8:20  SCV, Supply Depot  
  130  8:21  SCV, Marine  
  130  8:22  Marauder  
  135  8:27  Medivac x2  
  135  8:29  SCV  
  135  8:31  Supply Depot  
  140  8:34  Terran Infantry Weapons Level 2  
  140  8:35  Marine  
  141  8:42  SCV, Marauder x2, Refinery x2, Siege Tank  
  141  8:46  Supply Depot  
  149  8:50  Supply Depot  
  149  8:52  Marine x2  
  149  8:53  Marauder  
  153  8:59  Terran Infantry Armor Level 2  
  153  9:00  Marine  
  154  9:04  Marauder  
  154  9:08  Marauder  
  158  9:10  SCV  
  158  9:11  Marine  
  158  9:14  Marauder, Siege Tank  
  158  9:16  Marine  
  166  9:19  Marine  
  166  9:21  SCV  
  166  9:24  Supply Depot  
  168  9:25  Marauder, Marine  
  168  9:27  SCV, Supply Depot  
  168  9:29  SCV  
  173  9:45  Marauder x2, Marine x2  
  179  9:46  Marauder  
  181  10:00  Command Center  
  181  10:01  Marine  
  181  10:02  Supply Depot  
  186  10:07  Marauder x2, Marine  
  186  10:08  Marauder  
  189  10:23  Medivac x2, Marine, Siege Tank  
  197  10:35  Supply Depot  
  197  10:47  Marine  
  197  10:56  Marine x3  
  200  11:00  Sensor Tower  
  200  11:02  Terran Infantry Weapons Level 3  
  200  11:05  Supply Depot  
  200  11:29  Terran Infantry Armor Level 3, Ghost Academy  
  199  12:01  Marauder  
  199  12:03  Marauder x2  
  187  12:10  Marine  
  187  12:14  Marine x3  
  187  12:15  Siege Tank  
  181  12:23  Marauder  
  181  12:24  Marauder x2  
  181  12:28  Marine  
  175  12:32  Marine  
  165  12:40  Marine  
  165  12:43  Ghost, Marine  
  108  12:44  Medivac x2  
  160  12:45  Ghost, Marauder  
  168  12:47  Siege Tank  
  168  13:00  Marine  
  168  13:01  Personal Cloaking  
  168  13:04  Orbital Command  
  168  13:07  Marauder  
  168  13:13  Marauder  
  168  13:14  Marauder, Marine  
  168  13:24  Missile Turret, Marine  
  168  13:28  Missile Turret, Marauder  
  168  13:29  Marine  
  168  13:34  Marauder  
  168  13:35  Marauder  
  168  13:39  Marine  
  168  13:45  Orbital Command  
  168  13:46  Missile Turret  
  168  13:50  Marauder  
  168  13:52  Refinery  
  168  13:55  Marauder  
  168  13:56  Refinery, Marine  
  168  13:57  Marauder  
  168  13:59  Siege Tank  
  168  14:04  Marine  
  168  14:05  Marine  
  168  14:10  Ghost  
  168  14:15  Marine  
  168  14:34  Marine  
Tags
 
Composition
MMM Bio
Matchup
TvZ
Spawn Locations
Cross Positions
Add a new tag
Caveats
  • Supply blocks, unpowered buildings, or Contaminate may cause inaccurate times.
  • Supply counts are checked every 10 seconds.